 Dungeon Crawl Stone Soup version 0.25.1-8-g42b30a86e7 (webtiles) character file.

Game seed: 9328175157679642749

880 UrsusMedved the Ruffian (level 8, -2/46 HPs)
             Began as a Gargoyle Fighter on Dec 18, 2020.
             Was a Follower of Cheibriados.
             Slain by an ogre
             ... wielding a +0 giant club
              (16 damage)
             ... on level 4 of the Dungeon.
             The game lasted 00:36:33 (5289 turns).

UrsusMedved the Ruffian (Gargoyle Fighter)          Turns: 5289, Time: 00:36:34

Health: -2/46      AC: 16    Str: 25    XL:     8   Next: 5%
Magic:  8/8        EV:  6    Int: 12    God:    Cheibriados [*.....]
Gold:   136        SH: 11    Dex: 12    Spells: 7/7 levels left

rFire    . . .     SeeInvis .     - Unarmed
rCold    . . .     Gourm    .   b - +0 kite shield
rNeg     + . .     Faith    .   r - +0 chain mail
rPois    ∞         Spirit   .   f - +0 helmet
rElec    +         Reflect  .   (no cloak)
rCorr    .         Harm     .   (no gloves)
MR       .....                  (no boots)
Stlth    ..........             (no amulet)
HPRegen  0.15/turn              (no ring)
MPRegen  0.11/turn              (no ring)

@: very slow
A: negative energy resistance 1, electricity resistance, unbreathing,
petrification resistance, rot immunity, AC +5
a: Bend Time, Renounce Religion


You were on level 4 of the Dungeon.
You worshipped Cheibriados.
Cheibriados was aware of your devotion.
You were not hungry.

You visited 1 branch of the dungeon, and saw 5 of its levels.

You collected 136 gold pieces.

Inventory:

Hand Weapons
 a - a +0 hunting sling
Missiles
 m - 179 stones (quivered)
 o - 40 sling bullets
Armour
 b - a +0 kite shield (worn)
 f - a +0 helmet (worn)
 r - a +0 chain mail (worn)
Jewellery
 n - a cursed amulet of inaccuracy {unknown}
 v - an uncursed amulet of regeneration {unknown}
 w - an uncursed ring of wizardry {unknown}
Wands
 x - a wand of polymorph (11)
Scrolls
 e - 3 scrolls of teleportation {unknown}
 g - 7 scrolls of identify {unknown}
 h - 2 scrolls of remove curse {unknown}
 j - a scroll of blinking {unknown}
 l - 2 scrolls of enchant armour {unknown}
 q - 2 scrolls of fog {unknown}
Potions
 c - a potion of cancellation {unknown}
 k - a potion of stabbing {unknown}
 s - a potion of invisibility {unknown}
 t - 2 potions of degeneration {unknown}
 u - a potion of ambrosia {unknown}
Comestibles
 d - 8 rations


   Skills:
 - Level 3.2 Fighting
 + Level 5.4 Armour
 + Level 6.1 Shields
 + Level 6.6 Unarmed Combat


You had 7 spell levels left.
You didn't know any spells.
Your spell library was empty.

Dungeon Overview and Level Annotations

Branches:
Dungeon (5/15)
 Temple: D:4-7

Altars:
Cheibriados
Dithmenos
Fedhas
Nemelex Xobeh
Uskayaw
Vehumet


Innate Abilities, Weirdness & Mutations

You are resistant to torment.
Your stone body is resilient. (AC +5)
You are immune to poison.
You resist negative energy. (rN+)
You are resistant to electric shocks. (rElec)
You can survive without breathing.
You are immune to petrification.
You are immune to rotting.


Message History

You block the orc's attack.
A centaur zombie comes into view.
You punch the orc!
You kill the orc!
Cheibriados appreciates the change of pace.
There is a stone staircase leading up here.
The ogre hits you but does no damage.
You climb upwards.
There is a stone staircase leading down here.
You closely miss the ogre. You hit the ogre but do no damage.
The ogre hits you with a +0 giant club!
You hit the ogre.
The ogre is lightly wounded.
The ogre hits you with a +0 giant club!!
Ouch! That really hurt!
You are too injured to fight recklessly!
You barely miss the ogre.
The ogre is lightly wounded.
The ogre hits you with a +0 giant club!
You die...

.......#...#.....................
.......#...#....................#
...........#.............##....>.
.................................
.................................
.............##..##..............
...........#.#8..8#..)...........
....#......#....O................
....#...####....@[...............
#####...# #.#8..8#..............
#...#######..##...........)).
##......# ##########....[)<).
####....##.# #####.#'##
.....#####.# #.#.## ####.# #.#
#.#... ####.### #.# #.####
##.....# #.# #.....


You could see an ogre.

Vanquished Creatures
  Grinder (D:3)
  Duvessa (D:4)
  An ogre (D:4)
  Dowan (D:4)
  A crimson imp (D:3)
  A quasit (D:4)
  An orc priest (D:4)
  2 orc wizards (D:4)
  An iguana (D:4)
  Terence (D:3)
  2 worker ants (D:4)
  Robin (D:4)
  A howler monkey skeleton (D:4)
  6 adders
  2 worms (D:2)
  A dart slug (D:3)
  4 leopard geckos
  4 orcs
  4 giant cockroaches
  23 goblins
  11 hobgoblins
  2 quokkas
  4 ball pythons
  13 bats
  6 frilled lizards
  9 kobolds
  7 rats
111 creatures vanquished.

Notes
Turn   | Place    | Note
-------+----------+-------------------------------------------
     0 | D:1      | UrsusMedved the Gargoyle Fighter began the quest for the
                  | Orb.
     0 | D:1      | Reached XP level 1. HP: 14/14 MP: 1/1
   314 | D:1      | Reached XP level 2. HP: 19/19 MP: 2/2
   740 | D:1      | Reached XP level 3. HP: 23/23 MP: 3/3
  1294 | D:2      | Found a radiant altar of Vehumet.
  1467 | D:2      | Reached XP level 4. HP: 28/28 MP: 4/4
  1616 | D:2      | Found a shadowy altar of Dithmenos.
  2136 | D:3      | Found a snail-covered altar of Cheibriados.
  2140 | D:3      | Became a worshipper of Cheibriados the Contemplative
  2297 | D:3      | Noticed Terence
  2314 | D:3      | Killed Terence
  2314 | D:3      | Reached XP level 5. HP: 30/32 MP: 5/5
  2496 | D:3      | Found a blossoming altar of Fedhas.
  2614 | D:3      | Found a hide-covered altar of Uskayaw.
  2962 | D:3      | Noticed Grinder
  2987 | D:3      | Paralysed by Grinder for 7 turns
  2998 | D:3      | Killed Grinder
  2998 | D:3      | Reached skill level 5 in Shields
  2998 | D:3      | Reached skill level 5 in Unarmed Combat
  2998 | D:3      | Reached XP level 6. HP: 13/37 MP: 6/6
  3426 | D:4      | Noticed Robin
  3460 | D:4      | Reached * piety under Cheibriados
  3565 | D:4      | Reached XP level 7. HP: 41/41 MP: 7/7
  3569 | D:4      | Killed Robin
  3890 | D:4      | Reached skill level 5 in Armour
  4094 | D:4      | HP: 2/41 [ogre/+0 giant spiked club (16)]
  4349 | D:4      | Found a sparkling altar of Nemelex Xobeh.
  4526 | D:5      | Entered Level 5 of the Dungeon
  4542 | D:4      | Noticed Duvessa
  4542 | D:4      | Noticed Dowan
  4573 | D:4      | Killed Duvessa
  4594 | D:4      | Killed Dowan
  4594 | D:4      | Reached XP level 8. HP: 13/46 MP: 8/8
  5289 | D:4      | Slain by an ogre

Illustrated notes

Levels and vault maps discovered:
D:1:      ncdulo_watergridlock, layout_basic, serial_bayou, serial_bayou_ford_a,
          serial_bayou_lagoon_a, serial_bayou_shore_b, serial_bayou_pond_b
D:2:      minmay_spotlight, layout_rooms, lemuel_doored_altar,
          nicolae_dithmenos_shadow_blocks, first_ration
D:3:      layout_basic, marbit_many_paths, eat_drink_and_be_merry_uskayaw,
          fedhas_ov_isle_minmay, uniq_terence, uniq_grinder
D:4:      layout_basic, nicolae_overflow_crystal_walls, st_stairs_6,
          uniq_duvessa, uniq_robin
D:5:      layout_gridville, kennysheep_mini, minmay_temple_entry_sparse_star,
          serial_bayou, serial_bayou_pond_c, serial_bayou_shore_b,
          serial_bayou_pond_d, serial_bayou_lake_a, serial_shops,
          nicolae_shop_behind_doors, kennysheep_generic_room_14

Skill      XL: |  1  2  3  4  5  6  7 |
---------------+----------------------+-----
Unarmed Combat | 3 5 6 |  6.6
Shields        | 4 5 6 |  6.1
Armour         | 4 5 |  5.4
Fighting       | |  3.2

Action                   |  1- 3 |  4- 6 |  7- 9 || total
-------------------------+-------+-------+-------++-------
Melee: Unarmed           |   202 |   251 |   125 ||   578
  Use: Potion            |       |     3 |     1 ||     4
       Scroll            |       |     1 |       ||     1
  Eat: Chunk             |     2 |     8 |     2 ||    12
Armor: Scale mail        |    75 |    15 |       ||    90
       Chain mail        |       |   112 |    75 ||   187
Dodge: Dodged            |    41 |    45 |    18 ||   104
Block: Kite shield       |    65 |   119 |    65 ||   249
